Map: Efflorescence LE

Players

xploD - Winner!

  • Race: Zerg Zerg
  • League: Gold
  • Spawn Location: 9:00

necro - Winner!

  • Race: Zerg Zerg
  • League: Platinum
  • Spawn Location: 6:00

OpuS

  • Race: Protoss Protoss
  • League: Platinum
  • Spawn Location: 3:00

Sketchaphone

  • Race: Zerg Zerg
  • League: Platinum
  • Spawn Location: 12:00

VOD

Have the link to the VOD?

Description

Time

  • Played on: Feb. 25, 2019, 9:32 p.m.
  • Length: 21:04
Show
View Real Time Build Order
Export as new Build Order

xploD Zerg - Winner!

Build Orders: Hatch First 

Get SALT Encoding   

  12  0:02  Drone  
  13  0:13  Overlord  
  13  0:19  Drone  
  14  0:32  Drone x2  
  16  0:36  Drone  
  17  0:47  Drone  
  18  1:03  Hatchery  
  17  1:08  Drone  
  17  1:09  Drone  
  19  1:25  Extractor  
  18  1:38  Spawning Pool  
  17  2:04  Drone x2  
  17  2:05  Overlord  
  19  2:25  Queen x2  
  23  2:31  Hatchery  
  22  2:44  Overlord, Drone  
  22  2:45  Drone x4  
  22  2:49  Metabolic Boost  
  27  3:09  Zergling x8  
  31  3:19  Queen, Drone x2  
  35  3:37  Drone x2  
  37  3:42  Drone x2  
  39  3:54  Evolution Chamber  
  38  3:59  Roach Warren  
  37  4:10  Zergling x2  
  37  4:11  Zergling x16  
  37  4:14  Drone x3  
  49  4:21  Zerg Melee Weapons Level 1  
  49  4:27  Extractor  
  49  4:28  Zergling x4  
  46  4:40  Zergling x2  
  46  4:41  Zergling x14  
  48  4:53  Zergling x2  
  48  4:54  Overlord  
  48  4:55  Overlord  
  48  5:33  Roach x5  
  48  5:34  Roach x4  
  48  5:35  Overlord x3  
  65  5:55  Extractor  
  64  5:57  Drone x2  
  64  5:58  Drone, Extractor  
  64  6:00  Drone x2  
  68  6:09  Lair  
  68  6:12  Spore Crawler  
  68  6:14  Spore Crawler  
  68  6:16  Spine Crawler  
  65  6:29  Drone x3  
  65  6:30  Drone x7  
  65  6:31  Drone x2  
  75  6:47  Queen  
  75  6:53  Zerg Ground Armor Level 1  
  77  7:00  Drone  
  77  7:01  Drone x6  
  82  7:02  Drone x2  
  86  7:12  Drone x4  
  84  7:37  Overlord  
  84  7:38  Overlord  
  84  7:53  Drone x6  
  90  8:01  Overseer  
  90  8:09  Roach  
  90  8:10  Overlord, Roach x7  
  90  8:11  Overlord x3  
  103  8:26  Roach  
  105  8:28  Overlord x3  
  105  8:36  Spire  
  105  8:39  Zergling x2  
  105  8:45  Roach x3  
  105  8:46  Roach x5  
  121  8:50  Drone x3  
  124  9:07  Roach  
  124  9:08  Roach x4  
  126  9:26  Roach x9  
  126  9:27  Roach  
  134  9:48  Zergling x16  
  142  9:54  Extractor  
  142  9:56  Extractor  
  126  10:37  Zergling x24  
  126  10:38  Zergling x14  
  109  11:07  Mutalisk  
  109  11:08  Mutalisk x9  
  113  11:12  Zergling x6  
  116  11:27  Zergling x2  
  117  11:37  Mutalisk  
  117  11:38  Mutalisk x2  
  123  11:43  Roach x6  
  133  12:02  Mutalisk x2  
  133  12:04  Zergling x14  
  133  12:05  Zergling x10  
  149  12:14  Hatchery  
  148  12:18  Drone  
  148  12:19  Drone x5  
  154  12:24  Overlord x3, Hatchery  
  129  12:48  Roach x3  
  129  12:49  Roach x8  
  149  13:08  Roach  
  149  13:09  Roach x9  
  153  13:33  Zergling x18  
  155  13:46  Zergling x2  
  155  13:47  Zergling x16  
  162  13:59  Zergling x2  
  162  14:00  Zergling x10  
  162  14:01  Queen  
  164  14:35  Extractor  
  164  14:37  Drone  
  164  14:38  Drone x7, Extractor  
  167  14:39  Drone x3  
  167  14:47  Overseer x2  
  167  14:54  Drone  
  167  14:55  Drone x4  
  167  14:56  Overlord x2  
  172  15:06  Zerg Missile Weapons Level 1  
  172  15:39  Zergling x2  
  173  15:46  Infestation Pit  
  139  17:23  Hydralisk Den  
  139  17:25  Zergling x24  
  139  17:26  Zergling x42  
  171  17:31  Hive  
  171  17:36  Zerg Missile Weapons Level 2  
  171  17:51  Hatchery  
  151  18:32  Lurker Den  
  142  18:38  Spore Crawler  
  142  18:41  Queen  
  131  19:01  Hydralisk  
  131  19:02  Hydralisk x16  
  133  19:03  Hydralisk x17  
  184  19:55  Overseer x2  
  174  20:21  Hydralisk x3  
  174  20:29  Lurker  
  174  20:30  Lurker x5  
Show
View Real Time Build Order
Export as new Build Order

necro Zerg - Winner!

Build Orders: Pool First 

Get SALT Encoding   

  12  0:01  Drone  
  13  0:13  Overlord  
  13  0:21  Drone  
  14  0:31  Drone x2  
  16  0:55  Drone  
  17  0:57  Drone  
  17  0:59  Drone  
  19  1:14  Extractor  
  19  1:15  Spawning Pool  
  19  1:17  Drone  
  18  1:18  Drone  
  19  1:38  Drone  
  20  1:43  Overlord  
  20  1:47  Hatchery  
  19  1:55  Drone  
  20  2:02  Queen  
  20  2:06  Zergling x2  
  23  2:11  Zergling x2  
  24  2:23  Metabolic Boost  
  24  2:34  Drone x2  
  26  2:42  Queen  
  28  2:47  Drone  
  29  3:04  Zergling x4  
  31  3:08  Queen  
  31  3:09  Zergling x2  
  34  3:24  Queen  
  36  3:42  Overlord x3  
  36  3:50  Baneling Nest, Zergling x2  
  36  3:55  Spine Crawler  
  36  3:58  Overlord x2, Queen, Evolution Chamber  
  36  3:59  Evolution Chamber  
  35  4:13  Drone  
  35  4:14  Drone x4  
  40  4:23  Zergling x6  
  43  4:31  Spine Crawler  
  41  4:39  Zergling x6  
  41  4:40  Zergling x2  
  44  4:53  Drone x6  
  44  4:57  Zerg Missile Weapons Level 1  
  50  5:01  Drone x2, Extractor  
  51  5:17  Baneling x3  
  51  5:27  Spore Crawler  
  50  5:29  Drone x2  
  50  5:30  Drone x2  
  50  5:31  Drone x5, Extractor  
  50  5:32  Extractor  
  57  5:56  Zergling x18  
  65  6:03  Drone  
  65  6:04  Roach Warren  
  65  6:07  Spine Crawler  
  64  6:11  Spore Crawler  
  64  6:13  Lair, Spore Crawler  
  62  6:33  Zerg Ground Armor Level 1  
  62  6:48  Drone x3  
  62  6:49  Drone x2  
  62  6:51  Overlord x2  
  62  6:52  Overlord x4  
  67  7:02  Baneling x4  
  67  7:03  Overlord, Baneling x3  
  67  7:08  Zerg Melee Weapons Level 1  
  52  7:39  Hydralisk Den  
  52  7:41  Infestation Pit, Drone x4  
  52  7:43  Roach x6  
  65  7:58  Overseer  
  65  7:59  Overseer  
  62  8:12  Pneumatized Carapace  
  62  8:16  Muscular Augments  
  62  8:32  Glial Reconstitution  
  62  8:37  Zergling x10  
  62  8:38  Zergling x12  
  73  8:59  Hydralisk x5  
  73  9:01  Zergling x4  
  85  9:07  Hatchery  
  83  9:13  Roach x2  
  78  9:22  Roach  
  78  9:23  Roach x5  
  79  9:27  Grooved Spines  
  75  9:39  Roach x3  
  81  10:11  Hydralisk  
  81  10:12  Hydralisk x8  
  99  10:25  Drone x2  
  89  10:33  Hydralisk x3  
  95  10:52  Hydralisk x6  
  101  11:03  Drone x2  
  101  11:04  Drone, Extractor  
  101  11:05  Extractor  
  94  11:22  Drone x4  
  98  11:30  Hive  
  98  11:31  Drone  
  98  11:32  Spire, Drone x3  
  101  11:35  Drone x3  
  101  11:36  Drone  
  105  11:45  Zerg Missile Weapons Level 2  
  105  12:32  Hydralisk  
  105  12:33  Hydralisk x7  
  105  12:36  Overlord  
  121  12:54  Queen  
  123  13:04  Hydralisk x3  
  129  13:05  Zergling x2  
  130  13:14  Hatchery, Drone  
  130  13:15  Overlord x4  
  77  14:16  Roach, Hydralisk x4  
  77  14:17  Roach x6, Hydralisk x4  
  79  14:18  Roach  
  79  14:22  Zerg Ground Armor Level 2, Zerg Missile Weapons Level 3  
  101  14:32  Queen  
  101  14:37  Hatchery  
  102  14:39  Greater Spire  
  102  14:55  Roach, Hydralisk x5  
  102  14:56  Roach x4  
  122  15:06  Ultralisk Cavern  
  121  15:12  Roach, Hydralisk x4  
  121  15:13  Roach x2  
  135  15:30  Overlord x3  
  135  15:31  Overlord x3  
  135  15:51  Viper x4  
  135  15:52  Viper  
  150  16:05  Evolution Chamber  
  150  16:06  Evolution Chamber  
  150  16:09  Evolution Chamber  
  150  16:11  Zerg Flyer Armor Level 1  
  147  16:16  Ultralisk  
  147  16:18  Ultralisk  
  159  16:26  Chitinous Plating  
  159  16:33  Drone x7  
  159  16:34  Drone x2  
  159  16:36  Drone  
  159  16:39  Extractor  
  168  16:42  Extractor  
  168  16:43  Spore Crawler  
  166  17:26  Ultralisk x4  
  190  17:35  Overlord x2  
  190  17:38  Zerg Melee Weapons Level 2  
  190  17:51  Overlord x2  
  186  18:05  Overseer  
  186  18:06  Overseer x2  
  186  18:10  Spore Crawler  
  183  18:22  Hydralisk  
  183  18:23  Hydralisk x6  
  146  19:37  Hydralisk x8  
  146  19:38  Hydralisk x8  
  144  20:43  Roach x3  
  144  20:44  Roach x3  
Show
View Real Time Build Order
Export as new Build Order

OpuS Protoss 

Build Orders: Carriers, Zealot Archon 

Get SALT Encoding   

  12  0:01  Probe  
  13  0:13  Probe  
  14  0:18  Pylon  
  14  0:25  Probe  
  15  0:40  Gateway  
  15  0:45  Probe  
  16  0:50  Assimilator  
  16  0:52  Assimilator  
  16  0:58  Probe  
  17  1:10  Gateway  
  17  1:11  Probe  
  18  1:19  Probe  
  19  1:32  Cybernetics Core  
  19  1:35  Pylon  
  19  1:42  Probe  
  20  1:52  Probe  
  21  2:00  Probe  
  20  2:08  Probe, Warp Gate  
  21  2:13  Stalker  
  21  2:15  Stalker  
  26  2:20  Probe  
  27  2:26  Pylon  
  27  2:50  Twilight Council  
  27  2:54  Zealot x2  
  27  2:58  Probe  
  32  3:04  Pylon  
  32  3:10  Probe  
  33  3:23  Charge  
  33  3:45  Nexus  
  33  3:46  Pylon  
  33  4:08  Zealot  
  35  4:10  Zealot  
  35  4:15  Gateway  
  37  4:17  Gateway  
  37  4:28  Templar Archives  
  35  4:42  Dark Shrine  
  33  4:50  Zealot x2  
  33  5:09  Probe x2  
  33  5:10  Zealot x2  
  33  5:11  Zealot  
  41  5:17  Zealot  
  43  5:26  Probe x2  
  45  5:39  Forge  
  45  5:41  Gateway  
  45  5:44  Probe  
  45  5:46  Probe  
  47  5:55  Gateway  
  47  5:58  Protoss Ground Weapons Level 1  
  47  6:02  High Templar x2  
  47  6:03  High Templar  
  53  6:04  High Templar  
  53  6:06  Archon  
  53  6:08  Archon  
  53  6:09  Probe  
  53  6:10  Probe  
  57  6:16  Pylon  
  57  6:23  Probe x2  
  59  6:30  Pylon  
  59  6:35  High Templar  
  59  6:36  Dark Templar  
  59  6:38  Zealot  
  65  6:41  Archon  
  65  6:42  Probe x2  
  67  6:54  Probe  
  67  6:55  Probe  
  67  6:57  Pylon  
  67  7:01  Pylon  
  69  7:06  Probe  
  69  7:07  Probe  
  71  7:09  Gateway  
  71  7:12  Gateway  
  71  7:19  Probe x2  
  61  7:29  Dark Templar  
  49  7:30  Dark Templar  
  49  7:31  Probe x2  
  49  7:33  Assimilator  
  53  7:38  Assimilator  
  53  7:39  Zealot  
  53  7:40  Zealot  
  53  7:43  Probe  
  58  7:45  Dark Templar  
  60  8:00  Zealot x3  
  60  8:02  Probe  
  60  8:03  Probe  
  68  8:07  Protoss Ground Weapons Level 2  
  68  8:10  Gateway  
  68  8:11  Zealot  
  68  8:12  Zealot  
  72  8:14  Gateway  
  66  8:31  Dark Templar  
  66  8:34  Zealot x2, Dark Templar  
  70  8:39  Archon  
  74  9:07  Nexus  
  74  9:09  Pylon  
  74  9:12  Pylon  
  66  9:21  Stargate  
  66  9:23  Stargate  
  52  9:40  Zealot x3  
  52  9:41  Zealot x5  
  52  9:45  Zealot  
  70  9:49  Zealot  
  72  10:03  Void Ray x2  
  56  10:37  Stargate  
  56  10:44  Zealot  
  56  10:45  Zealot x6  
  56  10:46  Zealot x2  
  74  10:56  Void Ray  
  74  10:58  Void Ray  
  70  11:17  High Templar x2  
  70  11:18  High Templar x2  
  78  11:19  Zealot x3  
  78  11:22  Archon x2  
  84  11:38  Zealot x2  
  84  11:39  High Templar x2  
  92  11:40  Zealot x2  
  92  11:44  Archon  
  96  11:52  Void Ray  
  100  12:12  Pylon  
  100  12:14  Pylon  
  100  12:20  Void Ray  
  92  12:38  Phoenix x2  
  64  12:56  Phoenix x2  
  64  12:58  Phoenix  
  68  13:11  Nexus  
  68  13:12  Pylon  
  70  13:15  Pylon  
  70  13:34  Zealot x4  
  70  13:35  Zealot x2  
  69  14:06  Dark Templar x2  
  69  14:07  Dark Templar  
  71  14:12  Assimilator  
  71  14:17  Assimilator  
  71  14:21  Stargate  
  71  14:22  Stargate  
  71  14:25  Stargate  
  71  14:39  Zealot x4  
  79  14:51  Probe  
  79  14:52  Probe x2  
  82  15:12  Probe x2  
  84  15:24  Probe x2  
  86  15:31  Phoenix x3  
  92  15:40  Zealot x2  
  92  15:42  High Templar x2  
  100  15:46  Archon  
  100  15:47  High Templar x2  
  104  15:51  Archon  
  104  16:01  Phoenix x2  
  108  16:06  Phoenix  
  110  16:18  Fleet Beacon  
  110  16:28  Protoss Air Weapons Level 1  
  110  16:37  Phoenix  
  112  16:52  Carrier  
  118  17:17  Nexus  
  118  17:18  Carrier  
  118  17:19  Assimilator  
  118  17:23  Assimilator  
  118  17:26  Carrier  
  118  17:27  Pylon  
  124  17:30  Pylon  
  130  17:49  Dark Templar x2  
  134  17:51  Dark Templar  
  136  18:00  Carrier  
  136  18:16  Carrier  
  137  18:32  Anion Pulse-Crystals  
  135  18:58  Carrier  
  113  19:19  Carrier  
  109  19:29  Dark Templar x4  
Show
View Real Time Build Order
Export as new Build Order

Sketchaphone Zerg 

Build Orders: Hatch First 

Get SALT Encoding   

  12  0:01  Drone  
  13  0:13  Overlord  
  13  0:19  Drone  
  14  0:23  Extractor  
  14  0:24  Drone  
  15  0:34  Drone  
  15  0:35  Drone  
  17  0:56  Hatchery  
  17  1:04  Drone  
  17  1:05  Drone  
  17  1:08  Extractor  
  17  1:23  Spawning Pool  
  17  1:24  Drone  
  17  1:25  Drone  
  18  1:40  Drone  
  18  1:41  Overlord  
  19  1:49  Drone  
  20  2:01  Drone  
  21  2:10  Queen  
  21  2:12  Metabolic Boost  
  23  2:18  Zergling x4  
  23  2:21  Zergling x2  
  26  2:22  Overlord  
  26  2:29  Zergling x2  
  27  2:33  Zergling x2  
  28  2:45  Queen  
  28  2:49  Queen  
  28  2:50  Zergling x4  
  34  2:57  Drone  
  35  3:00  Evolution Chamber  
  35  3:01  Drone  
  35  3:10  Drone  
  35  3:11  Drone  
  37  3:13  Overlord  
  37  3:18  Zergling x2  
  38  3:20  Zergling x2  
  38  3:27  Zergling x4  
  41  3:31  Overlord  
  41  3:40  Lair  
  41  3:45  Zerg Melee Weapons Level 1  
  41  3:47  Zergling x2  
  42  3:52  Drone x2  
  44  4:01  Drone  
  44  4:02  Drone x2  
  47  4:06  Overlord  
  47  4:12  Pneumatized Carapace  
  47  4:38  Hatchery  
  36  4:48  Baneling Nest  
  36  4:50  Zergling x14  
  36  4:51  Extractor  
  40  5:17  Roach Warren  
  39  5:38  Drone x8  
  39  5:39  Drone x5, Zerg Ground Armor Level 1  
  52  5:51  Baneling  
  52  5:52  Baneling x3  
  52  5:54  Baneling x2  
  51  6:07  Hatchery  
  51  6:09  Roach x4  
  58  6:13  Drone x2  
  60  6:32  Infestation Pit, Drone  
  60  6:33  Drone  
  60  6:35  Extractor  
  60  6:36  Drone x3, Extractor  
  62  6:42  Drone  
  63  6:50  Glial Reconstitution  
  63  6:52  Roach  
  63  6:53  Roach  
  67  6:55  Zergling x2  
  67  6:57  Overlord x2  
  68  7:04  Hatchery  
  68  7:06  Zergling x2  
  68  7:20  Zergling x18  
  73  7:36  Roach  
  75  7:37  Roach x3  
  75  7:40  Zerg Missile Weapons Level 1  
  75  7:48  Roach x8  
  88  7:52  Overlord  
  88  8:13  Roach x4  
  98  8:20  Roach  
  98  8:22  Pathogen Glands  
  97  8:30  Overlord  
  97  8:31  Overlord x3  
  97  8:46  Evolution Chamber  
  97  8:47  Overlord  
  97  8:48  Queen, Drone  
  97  8:54  Roach x2  
  103  8:56  Overlord  
  103  8:58  Roach x3  
  109  9:04  Roach  
  109  9:05  Roach x2, Zergling x2  
  109  9:06  Zergling x6  
  99  9:27  Infestor x3  
  99  9:28  Infestor  
  99  9:30  Zergling x6  
  86  9:55  Roach  
  86  9:56  Roach x8  
  104  10:01  Zerg Missile Weapons Level 2  
  95  10:35  Roach  
  89  10:36  Roach x12  
  101  10:56  Roach  
  101  10:57  Roach x4  
  93  11:05  Zerg Ground Armor Level 2  
  89  11:15  Burrow  
  89  11:28  Overlord x3  
  89  11:41  Overlord x2  
  80  12:03  Zergling x2  
  81  12:09  Overlord x3  
  81  12:12  Overseer  
  81  12:13  Overseer  
  81  12:18  Infestor x4  
  89  12:24  Hatchery  
  88  13:11  Roach  
  88  13:12  Roach x12  
  102  13:31  Zergling x8  
  88  13:47  Spore Crawler x2  
  82  13:51  Roach x11  
  82  13:53  Roach x3  
  82  13:54  Roach  
  86  14:12  Zergling x6  
  71  14:30  Centrifical Hooks  
  67  14:31  Hydralisk Den  
  67  14:37  Roach x5  
  75  15:09  Hydralisk  
  75  15:10  Hydralisk x2  
  81  15:16  Grooved Spines  
  77  15:42  Hatchery  
  76  15:43  Drone  
  76  15:44  Drone  
  78  15:52  Hydralisk  
  80  16:02  Drone x2  
  76  16:26  Spore Crawler  
  76  16:27  Spore Crawler  
  76  16:28  Spore Crawler  
  76  16:32  Spore Crawler  
  65  16:52  Drone x4  
  66  16:54  Overlord  
  66  16:55  Drone  
  66  16:57  Drone  
  66  17:21  Drone x4  
  70  17:25  Drone  
  71  17:32  Overlord  
  71  17:33  Overseer  
  70  18:04  Hydralisk x3  
  70  18:05  Hydralisk x3  
  81  18:31  Muscular Augments  
  81  18:36  Overlord x2, Hive  
  81  18:38  Overlord, Drone  
  82  18:43  Roach x8  
  79  18:59  Hydralisk x4  
  79  19:00  Hydralisk  
  85  19:18  Hydralisk  
  85  19:19  Hydralisk x3  
  43  20:12  Hydralisk  
  37  20:17  Roach x7  
  37  20:20  Swarm Host x2  
  39  20:30  Swarm Host  
  39  20:31  Swarm Host  
Tags
 
Add a new tag
Caveats
  • Supply blocks, unpowered buildings, or Contaminate may cause inaccurate times.
  • Supply counts are checked every 10 seconds.